 Dungeon Crawl Stone Soup version 0.29-a0-378-gc08b2e8bf8 (webtiles) character file.

Game seed: 11850364090136450666

134010 Majang the Fencer (level 17, -2/116 HPs)
             Began as a Tengu Gladiator on May 3, 2022.
             Was the Champion of Okawaru.
             Killed from afar by a will-o-the-wisp (12 damage)
             ... with a foxfire
             ... on level 3 of the Swamp on May 4, 2022.
             The game lasted 02:13:57 (30357 turns).

Majang the Fencer (Tengu Gladiator)                Turns: 30357, Time: 02:13:58

Health: -2/116     AC: 20    Str: 25    XL:     17   Next: 16%
Magic:  25/25      EV: 26    Int: 14    God:    Okawaru [******]
Gold:   2794       SH:  5    Dex: 27    Spells: 16/16 levels left

rFire   . . .      SeeInvis .   a - +7 Singing Sword {vorpal, sonic wave}
rCold   . . .      Faith    .   (no shield)
rNeg    . . .      Spirit   .   e - +2 swamp dragon scales
rPois   +          Reflect  +   H - +2 hat {Stlth+}
rElec   +          Harm     .   B - +2 cloak
rCorr   +          Rampage  +   k - +1 pair of gloves of Lust {rElec rCorr}
Will    +....                   (boots unavailable)
Stlth   +++++.....              m - amulet "Itihal" {Reflect Rampage rElec Str+3 Int+4 SH+5}
HPRegen 0.29/turn               D - +6 ring of dexterity
MPRegen 0.19/turn               K - +6 ring of strength

@: flying quickly and evasively, quick
A: beak, talons 3, nimble flight
a: Renounce Religion, Heroism, Finesse, Duel


You were on level 3 of the Swamp.
You worshipped Okawaru.
Okawaru was exalted by your worship.
You visited 5 branches of the dungeon, and saw 24 of its levels.
You also visited: Bailey, Gauntlet and Ice Cave.

You collected 3976 gold pieces.
You spent 1182 gold pieces at shops.

Inventory:

Hand Weapons
 a - the +7 Singing Sword (weapon) {vorpal, sonic wave}
   (You found it in a Gauntlet)

   It inflicts extra damage upon your enemies.
   It radiates damaging sonic waves as it strikes, especially in combat
   involving dangerous or numerous foes.
 b - a +2 longbow
 j - the +4 scimitar of Blind Justice {spect, rPois Will- rCorr Str+6}
   (You found it on level 9 of the Dungeon)

   When its wielder attacks, the weapon's spirit leaps out and strikes again.
   The spirit shares a part of any damage it takes with its wielder.
   Str:       It affects your strength (+6).
   rPois:     It protects you from poison.
   rCorr:     It protects you from acid and corrosion.
   Will:      It decreases your willpower.
 G - a +4 scimitar of flaming
 I - a +2 scimitar of holy wrath
Armour
 e - +2 swamp dragon scales (worn)
 k - the +1 pair of gloves of Lust (worn) {rElec rCorr}
   (You acquired it on level 1 of the Lair of Beasts)

   rElec:     It insulates you from electricity.
   rCorr:     It protects you from acid and corrosion.
 v - a +1 ring mail of cold resistance
 B - a +2 cloak (worn)
 H - a +2 hat of stealth (worn)
 Q - the +14 crystal plate armour of Xeapteut {Int+6}
   (Okawaru gifted it to you on level 6 of the Lair of Beasts)

   Int:       It affects your intelligence (+6).
Jewellery
 m - the amulet "Itihal" (around neck) {Reflect Rampage rElec Str+3 Int+4 SH+5}
   (You took it off a minotaur in a Gauntlet)

   [amulet of reflection]

   It reflects blocked missile attacks.
   Str:       It affects your strength (+3).
   Int:       It affects your intelligence (+4).
   rElec:     It insulates you from electricity.
   SH:        It affects your SH (+5).
   Rampage:   It bestows one free step when moving towards enemies.
 n - the ring of Ashenzari's Respect {rPois MP+9}
   (You bought it in a shop on level 1 of the Orcish Mines)

   [ring of poison resistance]

   rPois:     It protects you from poison.
   MP:        It affects your magic capacity (+9).
 D - a +6 ring of dexterity (left hand)
 E - a ring of protection from cold
 F - a ring of protection from fire
 K - a +6 ring of strength (right hand)
Wands
 h - a wand of flame (65)
 y - a wand of iceblast (31)
Scrolls
 d - 3 scrolls of fear
 g - 21 scrolls of teleportation
 i - 3 scrolls of blinking
 o - a scroll of magic mapping
 r - 4 scrolls of fog
Potions
 c - 4 potions of resistance
 f - 6 potions of mutation
 p - 10 potions of curing
 q - 2 potions of haste
 s - 4 potions of cancellation
 u - 8 potions of lignification
 x - 2 potions of ambrosia
 z - 4 potions of attraction
 A - 10 potions of might
 C - 2 potions of berserk rage
 L - 6 potions of invisibility
 P - 4 potions of heal wounds
Miscellaneous
 N - a lightning rod (4/4)
 O - a tin of tremorstones (2/2)


   Skills:
 * Level 16.6 Fighting
 * Level 17.3 Long Blades
 * Level 13.0 Bows
 - Level 2.0 Throwing
 + Level 11.0 Armour
 + Level 11.5 Dodging
 - Level 9.1 Stealth
 + Level 9.4 Invocations


You had 16 spell levels left.
You didn't know any spells.
Your spell library contained the following spells:

 Spells                   Type           Power      Damage    Failure   Level
 Magic Dart               Conj           0%         1d3       36%         1
 Pain                     Necr           0%         1d4       36%         1
 Shock                    Conj/Air       0%         1d3       36%         1
 Slow                     Hex            0%         N/A       36%         1
 Corpse Rot               Necr/Air       0%         N/A       52%         2
 Poisonous Vapours        Pois/Air       0%         N/A       52%         2
 Scorch                   Fire           0%         2d5       52%         2
 Searing Ray              Conj           0%         2d4       52%         2
 Static Discharge         Conj/Air       0%         N/A       52%         2
 Sublimation of Blood     Necr           0%         N/A       52%         2
 Wereblood                Tmut           0%         N/A       52%         2
 Confusing Touch          Hex            0%         N/A       75%         3
 Gell's Gravitas          Tloc           0%         N/A       75%         3
 Ignite Poison            Fire/Tmut/Pois 0%         N/A       75%         3
 Lesser Beckoning         Tloc           0%         N/A       75%         3
 Mephitic Cloud           Conj/Pois/Air  0%         N/A       75%         3
 Ozocubu's Armour         Ice            0%         N/A       75%         3
 Portal Projectile        Hex/Tloc       0%         N/A       75%         3
 Teleport Other           Tloc           0%         N/A       75%         3
 Vampiric Draining        Necr           0%         2d6       75%         3
 Dispel Undead            Necr           0%         3d6       98%         4
 Flame Wave               Conj/Fire      0%         2d4       98%         4
 Fulminant Prism          Conj/Hex       0%         3d6       98%         4
 Hailstorm                Conj/Ice       0%         3d3       98%         4
 Ice Form                 Ice/Tmut       0%         N/A       98%         4
 Leda's Liquefaction      Hex/Erth       0%         N/A       98%         4
 Sticky Flame             Conj/Fire      0%         2d3       98%         4
 Blade Hands              Tmut           0%         N/A       100%        5
 Excruciating Wounds      Necr           0%         N/A       100%        5
 Fireball                 Conj/Fire      0%         3d3       100%        5
 Freezing Cloud           Conj/Ice/Air   0%         6-21      100%        5
 Iskenderun's Battlesphe  Conj           0%         2d6       100%        5
 Lee's Rapid Deconstruct  Erth           0%         3d5*      100%        5
 Metabolic Englaciation   Hex/Ice        0%         N/A       100%        5
 Yara's Violent Unravell  Hex/Tmut       0%         3d3       100%        5
 Conjure Ball Lightning   Conj/Air       0%         3x3d6     100%        6
 Statue Form              Tmut/Erth      0%         N/A       100%        6
 Enfeeble                 Hex            0%         N/A       100%        7
 Orb of Destruction       Conj           0%         9d5       100%        7
 Animate Skeleton         Necr           Unusable   N/A       N/A         1
 Simulacrum               Ice/Necr       Unusable   N/A       N/A         6
 Summon Cactus Giant      Summ           Unusable   N/A       N/A         6
 Summon Hydra             Summ           Unusable   N/A       N/A         7

Dungeon Overview and Level Annotations

Branches:
Dungeon (12/15)            Temple (1/1) D:4            Lair (6/6) D:9
  Swamp (3/4) Lair:4        Snake (0/4) Lair:2        Slime (0/5) Lair:5
    Orc (2/2) D:11            Elf (0/3) Orc:2        Bailey (visited)
  IceCv (visited)         Gauntlet (visited)

Altars:
Ashenzari
Cheibriados
Dithmenos
Elyvilon
Fedhas
Gozag
Hepliaklqana
Kikubaaqudgha
Makhleb
Nemelex Xobeh
Okawaru
Qazlal
Ru
Sif Muna
Trog
Uskayaw
Vehumet
Wu Jian
Xom
Yredelemnul
Zin
The Shining One
Beogh

Shops:
D:12 ![   Orc:1 =   Orc:2 :(?

Portals:
Pandemonium: Orc:2

Annotations:
D:10 1 runed translucent door
Swamp:1 2 transporters, haldagan's ghost, adept KoBr


Innate Abilities, Weirdness & Mutations

You have a beak for a mouth.
You have claws for feet.
Your magical nature lets you fly swiftly and evasively.


Message History

Okawaru accepts your kill.
You kill the spriggan rider!
Okawaru accepts your kill.
You kill the hornet!
Okawaru accepts your kill.
You kill the spriggan!
Okawaru accepts your kill.
The hornet is lightly wounded.
You kill the goliath frog!
Okawaru accepts your kill.
The will-o-the-wisp is severely damaged.
The will-o-the-wisp gestures.
The will-o-the-wisp conjures some foxfire! 2 foxfires come into view.
You closely miss the bunyip. Your kick misses the bunyip. You peck the bunyip.
The bunyip is heavily wounded.
The bunyip misses you. The bunyip completely misses you. The bunyip claws you!
The tyrant leech bites you but does no damage.
The hornet misses you.
You slice the bunyip!! You claw the bunyip, but do no damage.
You peck the bunyip, but do no damage.
The bunyip is severely wounded.
The foxfire hits you!
The will-o-the-wisp gestures.
The will-o-the-wisp conjures some foxfire!
The hornet completely misses you.
The foxfire hits you! 2 foxfires come into view.
You slash the bunyip! Your kick misses the bunyip.
You peck the bunyip, but do no damage.
The bunyip is almost dead.
The tyrant leech bites you!!
The tyrant leech draws strength from your injuries!
The hornet stings you but does no damage.
You carve the bunyip like a ham!!!
You kill the bunyip!
Okawaru accepts your kill. The foxfire hits you!!
* * * LOW HITPOINT WARNING * * *
The foxfire hits you!
You die...

♣ ≈♣ ♣.........♣. ≈ ♣.
♣. ♣.≈≈!§≈≈♣≈≈♣.≈
♣.♣♣.♣♣.♣♣≈≈..≈≈♣ ..≈♣ ≈
≈..≈.≈..≈≈..♣..≈♣...♣ ≈≈
.≈......≈≈.♣♣≈≈≈♣§$.♣≈≈≈
≈≈≈≈....≈≈=♣♣.≈≈≈≈♣.≈≈≈
≈≈≈≈.<≈.♣♣♣♣..♣♣≈≈♣
≈.≈≈≈≈≈≈..♣ ♣♣§.§≈.♣
..≈≈≈≈≈≈≈.♣♣♣.≈♣@v§.♣
≈≈....≈≈≈.§§≈...wy§≈≈♣
≈≈≈.......≈≈≈.≈♣♣≈v≈≈§≈.
≈≈.....♣...≈≈≈♣♣ ♣§≈≈...
.≈♣...♣≈≈≈.≈≈.♣ ≈.....
♣.....≈≈≈.≈≈≈.♣ ♣♣..≈≈
♣♣.≈≈..≈≈≈≈≈.♣♣ ≈≈≈≈
≈♣...≈≈≈≈≈≈≈≈.♣ ≈≈≈
♣≈....≈≈≈†≈.)≈♣


You could see a tyrant leech, a will-o-the-wisp and a hornet.

Vanquished Creatures
  A lich (D:12)
  Mlioglotl (Swamp:1)
  Gastronok (Lair:1)
  Roxanne (Swamp:1)
  A fire giant (D:12)
  An orc warlord (Bailey)
  Louise (Swamp:1)
  The ghost of Kaijucki the Blocker, a journeyman FoAK of Lugonu (Lair:6)
  The ghost of Sickboy the Protected, a journeyman MiFi of Okawaru (Orc:2)
  The ghost of kuniqs the Severer, a journeyman MiBe of Trog (D:12)
  A vampire knight (D:12)
  4 bunyips
  An eleionoma (Swamp:1)
  A minotaur (Gauntlet)
  5 dire elephants (Lair:6)
  The ghost of soonmide the Lord of Darkness, a journeyman DsNe of Kikubaaqudgha (Lair:4)
  Snorg (D:10)
  2 ghost crabs (Swamp:2)
  2 boulder beetles (D:11)
  An ice dragon (IceCv)
  2 catoblepae
  13 hydras
  Fannar (D:12)
  Erolcha (Orc:1)
  Erica (D:10)
  2 demonspawn (Orc:2)
  3 centaur warriors
  10 two-headed ogres
  4 alligators
  3 death yaks
  6 orc high priests (Orc:2)
  Urug (Lair:3)
  A spectral dire elephant (Lair:6)
  A soul eater (Orc:2)
  Nergalle (Lair:2)
  A spectral death yak (Lair:6)
  Amaemon (D:10)
  3 goliath frogs
  A spectral anaconda (Lair:6)
  6 skeletal warriors (D:12)
  Lodul (D:11)
  5 bog bodies
  2 spriggan druids (Swamp:1)
  2 swamp dragons (Swamp:2)
  An obsidian statue (Lair:6)
  6 orc knights
  4 necromancers
  An orange crystal statue (D:10)
  A wolf spider (shapeshifter) (Gauntlet)
  A manticore (D:7)
  4 oklob plants (Lair:5)
  8 orc sorcerers (Orc:2)
  A will-o-the-wisp (Swamp:1)
  8 elephants (Lair:6)
  2 cyclopes (Orc:2)
  A worldbinder (Gauntlet)
  2 dire elephant zombies (Lair:6)
  6 black mambas
  3 ice statues
  3 torpor snails
  Joseph (Lair:1)
  A smoke demon (Orc:2)
  2 gargoyles
  Maggie (Lair:1)
  12 cane toads
  An orange demon (D:10)
  11 komodo dragons
  6 rime drakes
  An ice devil (Orc:2)
  3 polar bears
  A bloated husk (Swamp:2)
  3 tyrant leeches
  3 slime creatures (D:12)
  9 trolls
  8 hornets
  A wolf spider simulacrum (D:12)
  3 spectral elephants (Lair:6)
  5 dream sheep (Lair:6)
  21 blink frogs
  Sigmund (D:5)
  3 centaur simulacra (D:12)
  30 yaks
  2 shadows
  3 vampires
  9 spriggans
  A water elemental (D:12)
  7 wyverns
  A ynoxinul (Orc:2)
  A fire bat (shapeshifter) (Gauntlet)
  3 fire bats (Lair:3)
  A death yak simulacrum (Lair:6)
  4 basilisks
  A neqoxec (Orc:2)
  10 swamp worms
  Edmund (D:5)
  6 wargs
  A spectral cane toad (Lair:6)
  An acid dragon (D:11)
  25 water moccasins
  33 orc warriors
  2 swamp drakes
  An ice beast (D:7)
  A black bear (D:6)
  13 ogres
  2 sky beasts
  2 elephant zombies (Lair:6)
  4 boggarts
  A wolf (Lair:4)
  3 centaurs (D:9)
  An elephant skeleton (Lair:6)
  A phantom (D:6)
  3 kobold brigands
  14 bullfrogs
  3 necrophages (D:7)
  2 cane toad simulacra (Lair:6)
  4 scorpions
  21 wights
  An elephant simulacrum (Lair:6)
  3 killer bees (D:10)
  7 lindwurm simulacra (IceCv)
  6 howler monkeys
  3 electric eels
  A crimson imp (D:8)
  3 komodo dragon simulacra (IceCv)
  2 hounds
  24 orc priests
  A gnoll shaman (D:10)
  3 jellies
  Natasha (thrice) (D:3)
  6 iguanas
  10 orc wizards
  A killer bee zombie (D:7)
  2 mummies (D:7)
  4 acid dragon simulacra (IceCv)
  7 adders
  8 gnolls
  8 white imps
  7 steam dragon simulacra (IceCv)
  4 ufetubi
  A worm (D:3)
  81 orcs
  8 endoplasms
  4 giant cockroaches
  13 goblins
  8 hobgoblins
  6 jackals
  3 quokkas
  8 ball pythons
  7 bats
  A frilled lizard (D:1)
  29 kobolds
  5 rats
  A withered plant (Lair:6)
757 creatures vanquished.

Vanquished Creatures (others)
  A hornet (Swamp:2)
  14 demonic plants (Gauntlet)
  6 foxfires
  65 fungi
  107 plants
  4 toadstools (D:1)
  32 withered plants
229 creatures vanquished.

Grand Total: 986 creatures vanquished

Notes
Turn   | Place    | Note
-------+----------+-------------------------------------------
     0 | D:1      | Majang the Tengu Gladiator began the quest for the Orb.
     0 | D:1      | Reached XP level 1. HP: 12/12 MP: 2/2
   174 | D:1      | Reached XP level 2. HP: 17/17 MP: 3/3
   220 | D:1      | Found a faded altar of an unknown god.
   244 | D:1      | Prayed at the altar of an unknown god.
   244 | D:1      | Became a worshipper of Warmaster Okawaru
   244 | D:1      | Reached * piety under Okawaru
   545 | D:1      | Reached skill level 4 in Long Blades
   922 | D:2      | Reached XP level 3. HP: 12/22 MP: 1/4
  1163 | D:2      | Reached skill level 1 in Invocations
  1163 | D:2      | Reached XP level 4. HP: 9/27 MP: 5/5
  2766 | D:3      | Reached skill level 5 in Long Blades
  2826 | D:3      | Found a glowing silver altar of Zin.
  2934 | D:3      | Gained mutation: Your magical nature lets you fly swiftly
                  | and evasively. [Tengu growth]
  2934 | D:3      | Reached XP level 5. HP: 21/32 MP: 7/7
  3159 | D:3      | Found a radiant altar of Vehumet.
  3163 | D:3      | Noticed Natasha
  3406 | D:3      | Killed Natasha
  3470 | D:3      | Noticed Natasha
  3477 | D:3      | Killed Natasha
  3478 | D:3      | Reached skill level 1 in Armour
  3554 | D:3      | Noticed Natasha
  3826 | D:3      | Killed Natasha
  3827 | D:3      | Reached skill level 1 in Stealth
  3827 | D:3      | Reached XP level 6. HP: 31/37 MP: 8/8
  3896 | D:4      | Found a staircase to the Ecumenical Temple.
  3910 | Temple   | Entered the Ecumenical Temple
  4144 | D:4      | Noticed a water moccasin
  4155 | D:4      | Killed a water moccasin
  4774 | D:4      | Reached XP level 7. HP: 43/43 MP: 9/9
  4925 | D:5      | Entered Level 5 of the Dungeon
  4979 | D:5      | Noticed Sigmund
  4984 | D:5      | Killed Sigmund
  4984 | D:5      | Reached ** piety under Okawaru
  4985 | D:5      | Reached skill level 6 in Long Blades
  4997 | D:5      | Noticed Edmund
  5012 | D:5      | Killed Edmund
  5295 | D:5      | Reached XP level 8. HP: 48/48 MP: 10/10
  5664 | D:6      | Identified 2 scrolls of acquirement
  5664 | D:6      | Acquired a manual of Fighting
  5666 | D:6      | Acquired 770 gold pieces
  5790 | D:6      | Reached skill level 5 in Fighting
  6245 | D:6      | Reached skill level 7 in Long Blades
  7217 | D:7      | Noticed a manticore
  7237 | D:7      | Killed a manticore
  7237 | D:7      | Reached *** piety under Okawaru
  7238 | D:7      | Reached skill level 5 in Dodging
  7238 | D:7      | Reached XP level 9. HP: 37/57 MP: 12/12
  7406 | D:7      | Reached skill level 8 in Long Blades
  7999 | D:7      | Received a gift from Okawaru
  8292 | D:8      | Noticed a two-headed ogre
  8303 | D:8      | Killed a two-headed ogre
  8304 | D:8      | Reached skill level 9 in Long Blades
  8304 | D:8      | Reached skill level 5 in Armour
  8304 | D:8      | Reached skill level 5 in Stealth
  8304 | D:8      | Reached XP level 10. HP: 65/66 MP: 11/14
  8306 | D:8      | Identified the +8 rapier of Xagrulo {venom, Will++ Dex+2}
  8341 | D:8      | Reached **** piety under Okawaru
  8495 | D:8      | Found a flagged portal.
  8501 | Bailey   | Entered a bailey
  8508 | Bailey   | Noticed an orc warlord
  9075 | Bailey   | Reached skill level 10 in Fighting
  9098 | Bailey   | Found a runed translucent gate.
  9163 | Bailey   | Found a runed translucent gate.
  9165 | Bailey   | Found a runed translucent gate.
  9194 | Bailey   | Killed an orc warlord
  9214 | Bailey   | Reached skill level 12 in Long Blades
  9214 | Bailey   | Reached XP level 11. HP: 70/78 MP: 15/15
  9514 | D:8      | Found a burning altar of Makhleb.
  9516 | D:8      | Found a shimmering altar of Xom.
  9618 | D:9      | Found a staircase to the Lair.
  9621 | D:9      | Identified the +4 scimitar of Blind Justice {spect, rPois
                  | Will- rCorr Str+6}
  9749 | D:9      | Reached skill level 5 in Invocations
  9835 | D:9      | Found an ancient bone altar of Kikubaaqudgha.
  9836 | D:9      | Found a blossoming altar of Fedhas.
  9836 | D:9      | Found a glowing golden altar of the Shining One.
  9979 | D:9      | Reached ***** piety under Okawaru
 10153 | D:9      | Noticed a two-headed ogre
 10167 | D:9      | Killed a two-headed ogre
 10168 | D:9      | Reached skill level 1 in Bows
 10385 | D:9      | Reached XP level 12. HP: 84/84 MP: 16/16
 10835 | D:9      | Found a shadowy altar of Dithmenos.
 10890 | D:10     | Entered Level 10 of the Dungeon
 11002 | D:10     | Found a runed translucent door.
 11012 | D:10     | Noticed Amaemon
 11042 | D:10     | Killed Amaemon
 11106 | D:10     | Found a runed translucent door.
 11176 | D:10     | Found a runed translucent door.
 11177 | D:10     | Noticed Snorg
 11194 | D:10     | Found a runed translucent door.
 11624 | D:10     | Noticed Erica
 11632 | D:10     | Killed Erica
 11713 | D:10     | Found a snail-covered altar of Cheibriados.
 11974 | D:10     | Killed Snorg
 12072 | D:9      | Noticed a centaur warrior
 12082 | D:9      | Killed a centaur warrior
 12168 | Lair:1   | Entered Level 1 of the Lair of Beasts
 12168 | Lair:1   | Noticed Gastronok
 12374 | D:9      | Reached skill level 13 in Long Blades
 12540 | Lair:1   | Killed Gastronok
 12540 | Lair:1   | Received a gift from Okawaru
 12558 | Lair:1   | Reached skill level 5 in Bows
 12867 | Lair:1   | Noticed Maggie
 12877 | Lair:1   | Killed Maggie
 13006 | Lair:1   | Noticed Joseph
 13021 | Lair:1   | Killed Joseph
 13216 | Lair:1   | Noticed a six-headed hydra
 13228 | Lair:1   | Killed a two-headed hydra
 13229 | Lair:1   | Reached XP level 13. HP: 72/90 MP: 18/18
 13710 | Lair:2   | Found a staircase to the Snake Pit.
 13945 | Lair:2   | Received a gift from Okawaru
 14388 | Lair:3   | Noticed Nergalle
 14388 | Lair:3   | Noticed Urug
 14401 | Lair:2   | Killed Nergalle
 14401 | Lair:2   | Received a gift from Okawaru
 14451 | Lair:3   | Killed Urug
 14501 | Lair:3   | Found a gate leading to a gauntlet.
 14509 | Gauntlet | Entered a Gauntlet
 14509 | Gauntlet | Found a transporter.
 14509 | Gauntlet | Found a transporter.
 14514 | Gauntlet | Found a transporter.
 14530 | Gauntlet | Found a transporter.
 14553 | Gauntlet | Found a transporter.
 14563 | Gauntlet | Found a transporter.
 14582 | Gauntlet | Found a transporter.
 14582 | Gauntlet | Found the +7 Singing Sword {vorpal, sonic wave}
 14656 | Gauntlet | Found a transporter.
 14656 | Gauntlet | Found a transporter.
 14670 | Gauntlet | Found a transporter.
 14679 | Gauntlet | Found a transporter.
 14697 | Gauntlet | Found a transporter.
 14726 | Gauntlet | Noticed a quicksilver ooze
 14728 | Gauntlet | Found a transporter.
 14753 | Gauntlet | Noticed a fire dragon
 14759 | Gauntlet | Found a transporter.
 14803 | Gauntlet | Found a transporter.
 14817 | Gauntlet | Found a transporter.
 14913 | Gauntlet | Noticed a spark wasp
 14921 | Gauntlet | a spark wasp changed into a wolf spider
 15123 | Gauntlet | Identified the +6 chain mail "Xagef" {rElec rN++ Stlth+}
 15322 | Gauntlet | Identified the amulet "Itihal" {Reflect Rampage rElec Str+3
                  | Int+4 SH+5}
 15322 | Gauntlet | Noticed a minotaur
 15333 | Gauntlet | Killed a minotaur
 15388 | Lair:3   | Reached skill level 14 in Long Blades
 15389 | Lair:3   | Reached ****** piety under Okawaru
 15451 | Lair:3   | Received a gift from Okawaru
 15821 | Lair:3   | Identified the +7 fustibalus of Yneoffiy {flame, Str+3
                  | Dex+4} (Okawaru gifted it to you on level 3 of the Lair of
                  | Beasts)
 15821 | Lair:3   | Received a gift from Okawaru
 16686 | Lair:4   | Reached XP level 14. HP: 89/96 MP: 20/20
 17172 | Lair:4   | Found a staircase to the Swamp.
 17405 | Lair:4   | Found a runed translucent door.
 17760 | Lair:4   | Noticed soonmide's ghost (journeyman DsNe)
 17760 | Lair:4   | Identified the +8 spear "Geqyn" {spect, rPois Dex+5 Stlth+}
 18023 | Lair:4   | Killed soonmide's ghost
 18768 | Lair:5   | Found a staircase to the Slime Pits.
 18772 | Lair:5   | Received a gift from Okawaru
 19169 | Lair:5   | Got the Papyrus of Excruciating Air
 19485 | Lair:6   | Entered Level 6 of the Lair of Beasts
 19715 | Lair:6   | Noticed Kaijucki's ghost (journeyman FoAK)
 19792 | Lair:6   | Found a runed translucent door.
 19931 | Lair:6   | Reached skill level 15 in Long Blades
 20188 | Lair:6   | Identified the +14 crystal plate armour of Xeapteut {Int+6}
                  | (Okawaru gifted it to you on level 6 of the Lair of Beasts)
 20188 | Lair:6   | Received a gift from Okawaru
 20380 | Lair:6   | Noticed a dire elephant
 20380 | Lair:6   | Noticed a dire elephant
 20380 | Lair:6   | Noticed a dire elephant
 20381 | Lair:6   | Noticed a dire elephant
 20658 | Lair:6   | Killed Kaijucki's ghost
 20773 | Lair:6   | Noticed a dire elephant
 20774 | Lair:6   | Reached skill level 15 in Fighting
 20810 | Lair:6   | Killed a dire elephant
 20811 | Lair:6   | Reached XP level 15. HP: 85/103 MP: 21/21
 20866 | Lair:6   | Reached skill level 10 in Bows
 21136 | Lair:6   | Reached skill level 10 in Dodging
 21989 | Lair:1   | Acquired the +1 pair of gloves of Lust {rElec rCorr}
 22153 | D:11     | Identified the +0 chain mail of the Golden God {Fly rF+
                  | Str+2} (Okawaru gifted it to you on level 11 of the
                  | Dungeon)
 22153 | D:11     | Received a gift from Okawaru
 22156 | D:11     | Noticed Lodul
 22175 | D:11     | Killed Lodul
 23202 | D:11     | Found a staircase to the Orcish Mines.
 23284 | D:12     | Noticed Fannar
 23296 | D:12     | Killed Fannar
 23313 | D:12     | Found Japij's Antique Armour Shop.
 23315 | D:12     | Found Dokkeinu's Distillery.
 23325 | D:12     | Bought 2 potions of heal wounds for 160 gold pieces
 23325 | D:12     | Bought a potion of invisibility for 128 gold pieces
 23455 | D:12     | Reached skill level 16 in Long Blades
 23565 | D:12     | Found a frozen archway.
 23573 | IceCv    | Entered an ice cave
 23900 | IceCv    | Identified the +6 short sword "Hozushal" {flame, rF++ MP-9
                  | Str+4 Int+2}
 23971 | D:12     | Found a runed translucent door.
 23971 | D:12     | Found a broken altar of Ashenzari.
 23972 | D:12     | Noticed kuniqs's ghost (journeyman MiBe)
 23973 | D:12     | Noticed a fire giant
 23980 | D:12     | Noticed a lich
 23982 | D:12     | Killed a fire giant
 23986 | D:12     | Received a gift from Okawaru
 23988 | D:12     | Reached skill level 10 in Armour
 23991 | D:12     | Killed kuniqs's ghost
 23998 | D:12     | Killed a lich
 23999 | D:12     | Reached XP level 16. HP: 51/109 MP: 16/23
 24267 | D:12     | Found a runed translucent door.
 24599 | Orc:1    | Entered Level 1 of the Orcish Mines
 24927 | Orc:1    | Noticed Erolcha
 24931 | Orc:1    | Killed Erolcha
 25081 | Orc:1    | Found Antucaost's Jewellery Shop.
 25140 | Orc:1    | You are sucked into a shaft and drop 1 floor!
 25140 | Orc:2    | Entered Level 2 of the Orcish Mines
 25826 | Orc:2    | Noticed Sickboy's ghost (journeyman MiFi)
 25830 | Orc:2    | Found a runed translucent gate.
 25830 | Orc:2    | Found a runed translucent gate.
 25830 | Orc:2    | Found a runed translucent gate.
 25933 | Orc:2    | Received a gift from Okawaru
 26345 | Orc:2    | Killed Sickboy's ghost
 26558 | Orc:2    | Found a staircase to the Elven Halls.
 26605 | Orc:2    | Found Mustaext's Magic Scroll Emporium.
 26615 | Orc:2    | Found Reotoleg's Magic Scroll Shoppe.
 26732 | Orc:2    | Bought a scroll of fear for 56 gold pieces
 26732 | Orc:2    | Bought a scroll of enchant weapon for 120 gold pieces
 26732 | Orc:2    | Bought a scroll of teleportation for 48 gold pieces
 26732 | Orc:2    | Bought a scroll of enchant armour for 120 gold pieces
 27269 | Orc:2    | Received a gift from Okawaru
 27300 | Orc:2    | Found Akhin's Antique Weapon Boutique.
 27300 | Orc:2    | Found a one-way gate leading to the halls of Pandemonium.
 27300 | Orc:2    | Found Dakkeech's Book Shop.
 27405 | Orc:2    | Upgraded the game from 0.29-a0-371-g91724d5b39 to
                  | 0.29-a0-378-gc08b2e8bf8
 27462 | Orc:1    | Bought the ring of Ashenzari's Respect {rPois MP+9} for 550
                  | gold pieces
 27692 | Swamp:1  | Entered Level 1 of the Swamp
 27803 | Swamp:1  | Noticed Louise
 27820 | Swamp:1  | Killed Louise
 27920 | Swamp:1  | Noticed Mlioglotl
 27933 | Swamp:1  | Killed Mlioglotl
 27994 | Swamp:1  | Identified the +4 war axe "Widowmaker" {protect, rF+ rN+++
                  | Str-3 Int-5 Stlth+}
 28006 | Swamp:1  | Noticed an Executioner
 28054 | Swamp:1  | Reached skill level 17 in Long Blades
 28131 | Swamp:1  | Noticed Roxanne
 28144 | Swamp:1  | Killed Roxanne
 28371 | Swamp:1  | Found a transporter.
 28374 | Swamp:1  | Found a transporter.
 28892 | Swamp:1  | Noticed haldagan's ghost (adept KoBr)
 28892 | Swamp:1  | Noticed a tentacled starspawn
 29046 | Swamp:2  | Identified the +10 fustibalus "Hedioce" {vorpal, Fragile
                  | rN++ Will+} (Okawaru gifted it to you on level 2 of the
                  | Swamp)
 29046 | Swamp:2  | Received a gift from Okawaru
 29373 | Swamp:2  | Reached XP level 17. HP: 15/116 MP: 23/25
 30357 | Swamp:3  | Killed from afar by a will-o-the-wisp

Illustrated notes

Levels and vault maps discovered:
D:1:      ldierk_water_garden, layout_basic, chequers_ecumenical_altar_island,
          corexii_item_surrounded_by_moat
D:2:      layout_basic, serial_co_window_serial, co_window_paths_b,
          co_window_paths_b, co_window_paths_a, co_window_paths_a,
          co_window_paths_a, co_window_corner_cb, co_window_corner_b,
          co_window_broadway_a, co_window_paths_c, co_window_unsneaky_path_d,
          co_window_cross_3, co_window_4corner_a, glass_columns_c,
          glass_columns_b, glass_columns_a, glass_columns_b
D:3:      layout_rooms, marbit_many_paths, vehumet_altar_wand_db,
          minmay_surrounded, uniq_natasha
D:4:      layout_loops_ring, minmay_temple_entry_glass, hangedman_decor_points
D:5:      layout_gridville, nicolae_figureground_sparkle, uniq_sigmund,
          uniq_edmund
D:6:      layout_basic, grunt_ministairs_5
D:7:      layout_rooms, serial_undead, serial_undead_b, serial_undead_f,
          serial_undead_f, serial_undead_f, hangedman_abyss_or_decor_lesser_grid
D:8:      layout_rooms, grunt_temple_overflow_champion_of_chaos, enter_bailey_3
D:9:      layout_roguey, nicolae_overflow_quartered_altars, lair_entry_dummy
D:10:     layout_loops_ring, cheibriados_altar_1, serial_rivers,
          chequers_serial_rivers_small_b, chequers_serial_rivers_small_a,
          chequers_serial_rivers_small_b, chequers_serial_rivers_marsh,
          chequers_serial_rivers_micro_d, minmay_statue_crystal_thing,
          uniq_erica, uniq_snorg, uniq_amaemon
D:11:     layout_loops_ring, hiddenorc1_lemuel, uniq_lodul
D:12:     layout_cave_pools, muffindrake_ghost_dual_entry,
          portal_ice_cave_entry_pillars_1, serial_ice, serial_ice_d,
          serial_ice_l, serial_ice_o, serial_ice_g, nicolae_wooded_promenade,
          cheibrodos_ashenzari_chains, uniq_fannar
Temple:   dshaligram_water_room_temple
Lair:1:   layout_roguey, minmay_hedge_maze, grunt_megastairs_2,
          infiniplex_staircase_pool_2, serial_bayou_shore_b, uniq_gastronok,
          uniq_joseph, uniq_maggie
Lair:2:   layout_misc_corridors, minmay_snake_entry_six_corridors, minivault_19,
          bh_autumn_forest_stairs
Lair:3:   layout_gridlike, gauntlet_entry_generic, guppyfry_lair_drakes,
          serial_bayou_shore_a, uniq_nergalle, uniq_urug
Lair:4:   layout_cave_pods, minmay_swamp_entry_reptiles,
          ebering_ghost_funeral_grove, lemuel_fruit_tree
Lair:5:   statuecave_lemuel, layout_regular_city,
          minmay_slime_entry_oklob_enclosed, infiniplex_staircase_pool
Lair:6:   due_jungle_book, layout_loops_ring, hellmonk_ghost_happy_afterlife,
          serial_rivers, chequers_serial_rivers_room_b,
          chequers_serial_rivers_large_b, chequers_serial_rivers_micro_a,
          chequers_serial_rivers_large_a, chequers_serial_rivers_room_b,
          chequers_serial_rivers_room_a
Swamp:1:  layout_falls_marsh, gammafunk_ghost_abyssal_escape,
          nicolae_swamp_ascending_descending_big, uniq_mlioglotl, uniq_roxanne,
          uniq_louise
Swamp:2:  layout_basic_swamp, evilmike_swamp_ruin_rubble_2
Swamp:3:  layout_basic_swamp, nicolae_swamp_godswood, swamp_pool4,
          hangedman_swamp_diagram, uniq_donald
Orc:1:    layout_diamond_mine, serial_shops, nicolae_square_shop,
          nicolae_orc_flooded_monolith, uniq_erolcha
Orc:2:    pf_orc_diabolical, layout_caves, basic_altar, gammafunk_ghost_split

Skill      XL: |  1  2  3  4  5  6  7  8  9 10 11 12 13 14 15 16 17 |
---------------+----------------------------------------------------+-----
Long Blades    | 4 5 6 7 9 12 13 14 15 16 17 | 17.3
Invocations    | 1 2 3 4 5 6 7 8 9 |  9.4
Fighting       | 3 4 7 9 13 14 15 16 | 16.6
Armour         | 1 2 4 5 7 8 9 10 11 | 11.0
Stealth        | 1 2 3 5 7 8 9 |  9.1
Dodging        | 4 5 6 7 8 9 10 11 | 11.5
Bows           | 1 5 7 9 11 12 13 | 13.0
Throwing       | |  2.0

Action                   |  1- 3 |  4- 6 |  7- 9 | 10-12 | 13-15 | 16-18 || total
-------------------------+-------+-------+-------+-------+-------+-------++-------
Melee: Long sword        |    45 |   158 |   160 |    53 |       |       ||   416
       Kick              |    10 |    38 |    76 |   113 |   277 |   121 ||   635
       Peck              |     4 |    21 |    32 |    80 |   176 |    71 ||   384
       Punch             |       |     1 |     6 |     6 |    15 |     4 ||    32
       Scimitar          |       |       |    28 |   259 |   165 |     1 ||   453
       Double sword      |       |       |       |       |   527 |   355 ||   882
 Fire: Shortbow          |       |       |       |    33 |   147 |       ||   180
       Longbow           |       |       |       |       |    19 |   141 ||   160
Invok: Heroism           |     1 |     1 |     6 |    10 |    14 |       ||    32
       Finesse           |       |       |       |     1 |     6 |       ||     7
Evoke: Wand              |       |       |     5 |    11 |     1 |       ||    17
  Use: Scroll            |       |       |    18 |     6 |    12 |     6 ||    42
       Potion            |       |       |     3 |     4 |     2 |       ||     9
 Stab: Sleeping          |       |     1 |     3 |     5 |       |     1 ||    10
       Distracted        |       |       |       |     3 |     2 |       ||     5
Armor: Leather armour    |     3 |    13 |       |       |       |       ||    16
       Scale mail        |       |     7 |       |       |       |       ||     7
       Ring mail         |       |    25 |    39 |    29 |       |       ||    93
       Steam dragon scal |       |       |       |     4 |    15 |       ||    19
       Chain mail        |       |       |       |       |    78 |       ||    78
       Crystal plate arm |       |       |       |       |   148 |    92 ||   240
       Swamp dragon scal |       |       |       |       |       |    18 ||    18
Dodge: Dodged            |    22 |    90 |    81 |   148 |   320 |   129 ||   790
Block: Other             |       |    21 |    31 |    46 |   121 |    37 ||   256
       Reflection        |       |       |       |     5 |     2 |     1 ||     8

Table legend: (Time is in decaauts)
 A = Elapsed time spent in this place.
 B = Non-inter-level travel time spent in this place.
 C = Inter-level travel time spent in this place.
 D = Time resting spent in this place.
 E = Time spent auto-exploring this place.
 F = Levels seen in this place.
 G = Mean time per level.
                   A        B        C        D        E       F      G
               +--------+--------+--------+--------+--------+-----+--------+
         Total |  28532 |  26676 |   1856 |   8782 |  10717 |  27 | 1056.7 |
       Dungeon |  13502 |  12634 |    868 |   4070 |   5979 |  12 | 1125.2 |
        Temple |     81 |     81 |      0 |      0 |      0 |   1 |   81.0 |
          Lair |   8195 |   7471 |    724 |   2011 |   3363 |   6 | 1365.8 |
         Swamp |   2120 |   2047 |     73 |    862 |    750 |   3 |  706.7 |
  Orcish Mines |   2716 |   2526 |    190 |   1022 |    545 |   2 | 1358.0 |
        Bailey |    765 |    765 |      0 |    402 |     77 |   1 |  765.0 |
      Ice Cave |    338 |    338 |      0 |    104 |      0 |   1 |  338.0 |
      Gauntlet |    812 |    812 |      0 |    309 |      0 |   1 |  812.0 |
               +--------+--------+--------+--------+--------+-----+--------+

Top non-repeatable levels by time:
  Lair:6: 2056 daAuts
   Orc:2: 1735 daAuts
     D:2: 1726 daAuts
     D:9: 1723 daAuts
     D:6: 1508 daAuts
    D:10: 1508 daAuts
  Lair:5: 1433 daAuts
  Lair:4: 1389 daAuts
 Swamp:1: 1345 daAuts
  Lair:3: 1299 daAuts
     D:3: 1120 daAuts
     D:1: 1105 daAuts
  Lair:1: 1084 daAuts
   Orc:1: 980 daAuts
  Lair:2: 931 daAuts
